 Dungeon Crawl Stone Soup version 0.31-a0-1074-g0b22e4e0f1 (webtiles) character file.

Game seed: 17201564864497516132

107 bmb222 the Trooper (level 4, -1/37 HPs)
             Began as a Demonspawn Fighter on Nov 30, 2023.
             Slain by an orc priest
             ... wielding a +0 flail
              (6 damage)
             ... on level 2 of the Dungeon.
             The game lasted 00:02:11 (2715 turns).

bmb222 the Trooper (Demonspawn Fighter)             Turns: 2715, Time: 00:02:13

Health: -1/37      AC: 13    Str: 19    XL:     4   Next: 57%
Magic:  4/4        EV:  9    Int:  9    God:
Gold:   192        SH:  5    Dex: 18    Spells: 3/3 levels left

rFire   x . .        a - +0 trident
rCold   . . .        c - +0 buckler
rNeg    . . .        b - +0 scale mail
rPois   .            (helmet restricted)
rElec   .            (no cloak)
rCorr   .            (no gloves)
SInv    .            (no boots)
Will    +....        (no amulet) Stlth
                     f - +4 ring of protection
HPRegen 0.26/turn    k - +6 ring of dexterity
MPRegen 0.09/turn

%: no passive effects
@: no status effects
A: claws 1, horns 1, foul stench 1, iridescent scales 1, strong-willed 1, heat
vulnerability 1
a: no special abilities


You were on level 2 of the Dungeon.
You visited 1 branch of the dungeon, and saw 3 of its levels.

You collected 192 gold pieces.

Inventory:

Hand Weapons
 a - a +0 trident (weapon)
Missiles
 p - 5 silver javelins (quivered)
Armour
 b - a +0 scale mail (worn)
 c - a +0 buckler (worn)
Jewellery
 f - a +4 ring of protection (left claw)
 k - a +6 ring of dexterity (right claw)
Scrolls
 d - a scroll of revelation {unknown}
 e - 3 scrolls of identify {unknown}
 g - a scroll of enchant weapon {unknown}
 h - 2 scrolls of teleportation {unknown}
 i - 2 scrolls of noise {unknown}
 l - a scroll of torment {unknown}
Potions
 j - 2 potions of berserk rage {unknown}
 m - a potion of mutation
 n - a potion of lignification {unknown}
 o - a potion of brilliance {unknown}


   Skills:
 + Level 3.7 Fighting
 - Level 2.3 Polearms
 * Level 3.7 Armour
 + Level 0.2 Dodging
 - Level 2.8 Shields
 * Level 0.8 Unarmed Combat


You had 3 spell levels left.
You didn't know any spells.
Your spell library was empty.

Dungeon Overview and Level Annotations

Branches:
Dungeon (3/15)

Altars:


Innate Abilities, Weirdness & Mutations

You have sharp fingernails.
You have a pair of small horns on your head.
You may rarely emit foul miasma when damaged in melee.
You are partially covered in iridescent scales. (AC +2)
You are strong-willed. (Will+)
You are vulnerable to heat. (rF-)


Message History

You open the door.
There is an open door here.
There are monsters nearby!
There are monsters nearby!
There are monsters nearby!
There are monsters nearby!
The orc shouts!
The orc priest shouts!
There is an escape hatch in the ceiling here.
The orc priest invokes the aid of Beogh against you.
Pain shoots through your body!
You reach to attack!
You puncture the orc!
You kill the orc!
You reach to attack!
You closely miss the orc priest. The orc hits you but does no damage.
The orc priest hits you with a +0 flail.
A mysterious force pulls you upwards. The hatch slams shut behind you.
You closely miss the orc priest. Your headbutt misses the orc priest.
The orc hits you but does no damage.
The orc priest invokes the aid of Beogh against you.
Pain shoots through your body!
You hit the orc priest.
The orc priest is moderately wounded.
You block the orc's attack. The orc priest barely misses you.
The orc closely misses you.
You barely miss the orc priest.
The orc priest is moderately wounded.
The orc priest hits you with a +0 flail.
* * * LOW HITPOINT WARNING * * *
The orc hits you with a +0 flail.
* * * LOW HITPOINT WARNING * * *
The orc priest hits you but does no damage.
Unknown command.
It was a potion of mutation.
You feel extremely strange.
You feel strong-willed.
You feel vulnerable to heat.
Iridescent scales grow over part of your body.
The orc hits you with a +0 flail.
* * * LOW HITPOINT WARNING * * *
The orc priest hits you with a +0 flail.
You die...

#...# ##..........##....... #...#
#...........##....... #...#####
#...........##....... ........#
#.......###.##....... ......#.#
#.......###..'....... ....#.#.#
##.......#####.......
##......######.......############
##.#.#..........................
#.#.######.#..@...........###..
#.#.# #.#.o.o...######.##...
#...# #.#.......# #.##... ##..#
#.#.......# #.##..# ##.##
#.#.......# #.###.#
#..#####.######### #.# #.#
#........# #.# #.. ##.#######
##### #.####. #...### #...#
#....'.


You could see an orc priest and an orc.

Vanquished Creatures
  4 gnolls
  3 adders
  3 dart slugs (D:3)
  3 orcs (D:3)
  A bat (D:3)
  An endoplasm (D:2)
  3 goblins
  A hobgoblin (D:3)
  4 jackals (D:3)
  4 ball pythons
  6 frilled lizards
  2 rats
35 creatures vanquished.

Notes
Turn   | Place    | Note
-------+----------+-------------------------------------------
     0 | D:1      | bmb222 the Demonspawn Fighter began the quest for the Orb.
     0 | D:1      | Reached XP level 1. HP: 18/18 MP: 1/1
    82 | D:1      | You fall into a shaft and drop 1 floor!
   405 | D:1      | Discovered your monstrous ancestry.
   405 | D:1      | Gained mutation: You have a pair of small horns on your
                  | head. [demonic ancestry]
   405 | D:1      | Reached XP level 2. HP: 15/24 MP: 2/2
  1297 | D:2      | Gained mutation: You have sharp fingernails. [demonic
                  | ancestry]
  1297 | D:2      | Reached XP level 3. HP: 29/29 MP: 3/3
  1414 | D:2      | Found a faded altar of an unknown god.
  1860 | D:3      | Gained mutation: You may rarely emit foul miasma when
                  | damaged in melee. [demonic ancestry]
  1860 | D:3      | Reached XP level 4. HP: 23/36 MP: 4/4
  2715 | D:2      | Gained mutation: You are strong-willed. (Will+) [potion of
                  | mutation]
  2715 | D:2      | Gained mutation: You are vulnerable to heat. (rF-) [potion
                  | of mutation]
  2715 | D:2      | Gained mutation: You are partially covered in iridescent
                  | scales. (AC +2) [potion of mutation]
  2715 | D:2      | Slain by an orc priest

Illustrated notes

Levels and vault maps discovered:
D:1:      elethiomel_arrival_quiet, layout_loops_corners,
          chequers_serial_rivers_large_a, amethyst_killhole
D:2:      layout_basic, dreamdust_ecumenical_altar_angels_and_demons,
          minmay_pentomino_s2
D:3:      layout_basic

Skill      XL: |  1  2 |
---------------+-------+-----
Polearms       | 2 |  2.3
Armour         | 3 |  3.7
Fighting       | |  3.7
Dodging        | |  0.2
Shields        | |  2.8
Unarmed Combat | |  0.8

Action                     |  1- 3 |  4- 6 || total
---------------------------+-------+-------++-------
  Melee: Trident           |    88 |    30 ||   118
         Headbutt          |     8 |     3 ||    11
    Use: Potion            |     1 |     1 ||     2
 Armour: Scale mail        |    50 |    25 ||    75
  Dodge: Dodged            |    28 |    13 ||    41
  Block: Buckler           |    22 |     5 ||    27

Table legend: (Time is in decaauts)
 A = Elapsed time spent in this place.
 B = Non-inter-level travel time spent in this place.
 C = Inter-level travel time spent in this place.
 D = Time resting spent in this place.
 E = Time spent auto-exploring this place.
 F = Levels seen in this place.
 G = Mean time per level.
                   A        B        C        D        E       F      G
               +--------+--------+--------+--------+--------+-----+--------+
         Total |   2755 |   2659 |     96 |    710 |   1659 |   3 |  918.3 |
       Dungeon |   2755 |   2659 |     96 |    710 |   1659 |   3 |  918.3 |
               +--------+--------+--------+--------+--------+-----+--------+

Top non-repeatable levels by time:
     D:1: 1179 daAuts
     D:2: 840 daAuts
     D:3: 734 daAuts
